 Dungeon Crawl Stone Soup version 0.31.0-32-g396128a36d (webtiles) character file.

Game seed: 7922687443454180766

90 CmdrRubz the Chopper (level 4, -5/41 HPs)
             Began as a Minotaur Berserker on Apr 12, 2024.
             Was a Believer of Trog.
             Slain by a gnoll
             ... wielding a +0 whip
              (7 damage)
             ... on level 2 of the Dungeon.
             The game lasted 00:05:22 (1055 turns).

CmdrRubz the Chopper (Minotaur Berserker)           Turns: 1055, Time: 00:05:23

Health: -5/41      AC:  2    Str: 23    XL:     4   Next: 32%
Magic:  3/3        EV: 12    Int:  4    God:    Trog [**....]
Gold:   76         SH:  0    Dex: 10    Spells: 3/3 levels left

rFire   . . .        a - +0 hand axe
rCold   . . .        (no shield)
rNeg    . . .        b - +0 animal skin
rPois   .            (helmet currently unavailable)
rElec   .            (cloak currently unavailable)
rCorr   .            (gloves currently unavailable)
SInv    .            (boots currently unavailable)
Will    .....        (no amulet)
Stlth   +            (no ring)
HPRegen 0.26/turn    (no ring)
MPRegen 0.08/turn

%: no passive effects
@: beast-form, weak-willed
A: beast (slay +0), horns 2, retaliatory headbutt
a: Begin Untransformation, Renounce Religion, Berserk, Trog's Hand


You were on level 2 of the Dungeon.
You worshipped Trog.
Trog was pleased with you.
You were a hulking beast.
You visited 1 branch of the dungeon, and saw 2 of its levels.

You collected 76 gold pieces.

Inventory:

Hand Weapons
 a - a +0 hand axe (weapon)
Armour
 b - a +0 animal skin (worn)
Jewellery
 e - an amulet of faith
Talismans
 o - a beast talisman (active)
Scrolls
 c - 3 scrolls of amnesia {unknown}
 g - 2 scrolls of identify {unknown}
 j - 2 scrolls of teleportation {unknown}
 k - a scroll of poison
 m - a scroll of butterflies {unknown}
 q - a scroll of revelation {unknown}
Potions
 f - a potion of might {unknown}
 h - a potion of heal wounds {unknown}
 i - a potion of attraction {unknown}
 l - a potion of haste {unknown}
 n - a potion of magic {unknown}
 p - a potion of curing {unknown}


   Skills:
 + Level 4.6 Fighting
 * Level 5.3 Axes
 - Level 2.6 Armour
 - Level 2.4 Dodging


You had 3 spell levels left.
You didn't know any spells.
Your spell library was empty.

Dungeon Overview and Level Annotations

Branches:
Dungeon (2/15)

Altars:


Innate Abilities, Weirdness & Mutations

You are a hulking beast.
Your limbs bulge with bestial killing power. (Slay +0)
You have a pair of horns on your head.
You reflexively headbutt those who attack you in melee.


Message History

The gnoll hits you from afar with a +0 halberd!
You barely miss the gnoll. The gnoll closely misses you. The gnoll misses you.
The gnoll attacks as it pursues you! The gnoll hits you with a +0 flail!
* * * LOW HITPOINT WARNING * * *
The hobgoblin attacks as it pursues you!
The hobgoblin hits you.
* * * LOW HITPOINT WARNING * * *
You barely miss the endoplasm. You headbutt the endoplasm.
You kill the endoplasm!
Trog accepts your kill.
You hit the gnoll.
The gnoll is moderately wounded.
The gnoll closely misses you.
You closely miss the gnoll. Your headbutt misses the gnoll.
The gnoll is moderately wounded.
The gnoll barely misses you.
You hit the gnoll but do no damage.
You headbutt the gnoll, but do no damage.
The gnoll is moderately wounded.
The gnoll closely misses you.
You barely miss the gnoll.
The gnoll is moderately wounded.
The gnoll barely misses you.
You closely miss the gnoll. Your headbutt misses the gnoll.
The gnoll is lightly wounded.
The gnoll closely misses you. You furiously retaliate!
You headbutt the gnoll!
You kill the gnoll!
Trog accepts your kill.
You hit the gnoll. You headbutt the gnoll.
The gnoll is heavily wounded.
The gnoll hits you with a +0 whip!
* * * LOW HITPOINT WARNING * * *
As you read the scroll labelled BEEMOC EHUOH, it crumbles to dust.
A wave of despondency washes over your surroundings.
It was a scroll of vulnerability.
The gnoll closely misses you. The gnoll barely misses you.
The air fills with toxic fumes!
As you read the scroll labelled RUAXITHR LENOCK, it crumbles to dust.
It was a scroll of poison.
The gnoll hits you with a +0 whip!
You die...

##......## ##..§§§§§§##
#...§§§§§§§#
#...§§§§§§§#
#...§§§§§§§#
#...§§§§§§§# ####### #
#...§§§§§§§# ##.§§§.#...
##..§§§§§§§###§§§§§.....
#...§§§§§§§hggr§§§§.....
#...§§§§§§§##g§§§§§.....
#...§§§§§§§##.§§§§§.....
#...§§§§§§§##..§§§§.....
#...§§§§§§§##.$.§§§$....
##..§§§§§§###....§§.....
###.§§§§§## ##....§.....
#...§§§§#######.....#...
#..............


You could see 2 gnolls, a quokka (weak-willed) and a hobgoblin (weak-willed).

Vanquished Creatures
  Terence (D:2)
  2 gnolls (D:2)
  5 dart slugs
  4 endoplasms
  A giant cockroach (D:1)
  3 hobgoblins
  2 jackals (D:2)
  2 quokkas
  4 ball pythons
  5 bats
  2 frilled lizards (D:1)
  2 kobolds
  3 rats
36 creatures vanquished.

Notes
Turn   | Place    | Note
-------+----------+-------------------------------------------
     0 | D:1      | CmdrRubz the Minotaur Berserker began the quest for the
                  | Orb.
     0 | D:1      | Reached XP level 1. HP: 19/19 MP: 0/0
   243 | D:1      | Reached XP level 2. HP: 24/27 MP: 1/1
   281 | D:1      | Reached skill level 4 in Axes
   823 | D:2      | Reached XP level 3. HP: 26/33 MP: 2/2
   889 | D:2      | Reached ** piety under Trog
   921 | D:2      | Noticed Terence
   932 | D:2      | Killed Terence
   933 | D:2      | Reached skill level 5 in Axes
   933 | D:2      | Reached XP level 4. HP: 17/41 MP: 3/3
  1053 | D:2      | HP: 2/41 [gnoll/+0 whip (8)]
  1055 | D:2      | Slain by a gnoll

Illustrated notes

Levels and vault maps discovered:
D:1:      minmay_arrival_five_plusses, layout_loops_ring
D:2:      layout_rooms, uniq_terence

Skill      XL: |  1  2  3 |
---------------+----------+-----
Axes           | 4 5 |  5.3
Fighting       | 4 |  4.6
Armour         | |  2.6
Dodging        | |  2.4

Action                     |  1- 3 |  4- 6 || total
---------------------------+-------+-------++-------
  Melee: Hand axe          |    68 |    11 ||    79
         Headbutt          |    11 |     4 ||    15
    Use: Scroll            |       |     2 ||     2
 Armour: Animal skin       |    38 |     7 ||    45
  Dodge: Dodged            |    44 |     9 ||    53
   Form: Beast             |     1 |       ||     1
